 Seeded DCSS version 0.30-a0-304-gdc4b735fe1 (webtiles) character file.

Game seed: 452596964315409404 (custom seed)

45 koil the Sneak (level 3, -6/18 HPs)
             Began as a Spriggan Brigand on Oct 21, 2022.
             Killed from afar by Sigmund (10 damage)
             ... with a puff of flame
             ... on level 2 of the Dungeon.
             The game lasted 00:02:36 (1038 turns).

koil the Sneak (Spriggan Brigand)                   Turns: 1038, Time: 00:02:36

Health: -6/18      AC:  3    Str:  7    XL:     3   Next: 42%
Magic:  6/6        EV: 17    Int: 14    God:
Gold:   43         SH:  0    Dex: 16    Spells: 4/4 levels left

rFire   . . .      SeeInvis +    a - +2 dagger
rCold   . . .      Faith    .    (no shield)
rNeg    . . .      Spirit   .    b - +0 robe
rPois   .          Reflect  .    (helmet restricted)
rElec   .          Harm     .    c - +0 cloak
rCorr   .          Rampage  .    (gloves unavailable)
Will    .....                    (boots unavailable)
Stlth   +++.......               (no amulet)
HPRegen 0.23/turn                (no ring)
MPRegen 0.10/turn                (no ring)

@: very quick
A: very small, no large weapons, unfitting armour, see invisible, speed 3
a: no special abilities


You were on level 2 of the Dungeon.
You visited 1 branch of the dungeon, and saw 2 of its levels.

You collected 43 gold pieces.

Inventory:

Hand Weapons
 a - a +2 dagger (weapon)
Missiles
 d - 12 poisoned darts (quivered)
Armour
 b - a +0 robe (worn)
 c - a +0 cloak (worn)
Magical Staves
 f - a staff of fire
Scrolls
 g - a scroll of summoning {unknown}
 h - a scroll of vulnerability {unknown}
 j - 2 scrolls of poison {unknown}
 k - a scroll of fear {unknown}
 l - a scroll of noise {unknown}
 m - a scroll of identify {unknown}
Potions
 i - a potion of lignification {unknown}
 n - a potion of ambrosia {unknown}


   Skills:
 + Level 2.0 Fighting
 + Level 2.6 Short Blades
 - Level 2.0 Throwing
 + Level 2.3 Dodging
 + Level 6.3 Stealth
 + Level 1.4 Spellcasting


You had 4 spell levels left.
You didn't know any spells.
Your spell library was empty.

Dungeon Overview and Level Annotations

Branches:
Dungeon (2/15)

Altars:

Shops:
D:2 [

Annotations:
D:2 1 exclusion, Sigmund


Innate Abilities, Weirdness & Mutations

You are very small and have problems with some larger weapons.
You are too small for most types of armour.
You have supernaturally acute eyesight. (SInv)
You cover ground extremely quickly. (Speed+++)


Message History

Sigmund the Dreaded comes into view.
He is wielding a +0 scythe and carrying a wand of flame (12).
Sigmund shouts!
Throw: 3 darts (curare)
Press: ? - help, Q - select action, (/) - cycle Shift-Dir - straight line, f - Sigmund
Aim: Sigmund, wielding a +0 scythe, wearing a +0 robe and carrying a wand of flame (12) (58% to hit)
You throw a curare-tipped dart.
The curare-tipped dart barely misses Sigmund.
Sigmund zaps a wand.
The puff of flame hits you!
Throw: 2 darts (curare)
Press: ? - help, Q - select action, (/) - cycle Shift-Dir - straight line, f/p - Sigmund
Aim: Sigmund, wielding a +0 scythe, wearing a +0 robe and carrying a wand of flame (11) (58% to hit)
You throw a curare-tipped dart. The curare-tipped dart hits Sigmund.
Sigmund is poisoned.
Sigmund convulses.
Sigmund seems to slow down.
Sigmund is moderately wounded.
A kobold comes into view. It is wielding a +0 dagger.
Throw: dart (curare)
Press: ? - help, Q - select action, (/) - cycle Shift-Dir - straight line, f/p - Sigmund
Aim: Sigmund, wielding a +0 scythe, wearing a +0 robe and carrying a wand of flame (11) (moderately wounded, very poisoned, slow, 58% to hit)
You throw a curare-tipped dart. The curare-tipped dart hits Sigmund.
Sigmund looks as sick as possible!
Sigmund convulses.
Sigmund seems to be slow for longer.
Sigmund is heavily wounded.
The kobold shouts!
Throw: 14 darts (poison)
Press: ? - help, Q - select action Shift-Dir - straight line, f/p - Sigmund
Aim: Sigmund, wielding a +0 scythe, wearing a +0 robe and carrying a wand of flame (11) (heavily wounded, extremely poisoned, slow, 58% to hit)
You throw a poisoned dart.
The poisoned dart barely misses Sigmund.
Sigmund zaps a wand.
The puff of flame hits you!
* * * LOW HITPOINT WARNING * * *
Throw: 13 darts (poison)
Press: ? - help, Q - select action Shift-Dir - straight line, f/p - Sigmund
Aim: Sigmund, wielding a +0 scythe, wearing a +0 robe and carrying a wand of flame (10) (heavily wounded, extremely poisoned, slow, 58% to hit)
You throw a poisoned dart. The poisoned dart hits Sigmund.
Sigmund looks as sick as possible!
Sigmund is heavily wounded.
Sigmund zaps a wand.
The puff of flame hits you!
Ouch! That really hurt!
You die...

.[.......#
........#
...(
#......##
..@.
###.####
.....
###)# #.
..K
...<####
#. ...
.......#
.####.#
.......#
..#!..#
.......#
#.#@#
#.####.#
#.#.#
#.####.#
#.#.#
#.#.##.#
#...#
#.#..###
#..##
#.#.P#
#.##
#.#.P# #.#
#.#P.# #.#
#.#..#
##.#


You could see Sigmund (extremely poisoned, slow) and a kobold.

Vanquished Creatures
  An adder (D:2)
  A worm (D:2)
  2 ball pythons (D:1)
  An endoplasm (D:1)
  3 giant cockroaches
  A hobgoblin (D:1)
  A quokka (D:1)
  2 bats (D:1)
  2 frilled lizards (D:1)
  3 goblins
  14 kobolds
  2 rats (D:1)
33 creatures vanquished.

Notes
Turn   | Place    | Note
-------+----------+-------------------------------------------
     0 | D:1      | koil the Spriggan Brigand began the quest for the Orb.
     0 | D:1      | Reached XP level 1. HP: 10/10 MP: 2/2
   192 | D:1      | Reached skill level 6 in Stealth
   300 | D:1      | Reached XP level 2. HP: 15/15 MP: 2/4
   482 | D:1      | Reached skill level 1 in Spellcasting
   784 | D:2      | Found Tiaxt's Armour Shop.
   875 | D:2      | Reached XP level 3. HP: 16/18 MP: 5/5
  1033 | D:2      | Noticed Sigmund
  1038 | D:2      | Killed from afar by Sigmund

Illustrated notes

Levels and vault maps discovered:
D:1:      dpeg_arrival_oval, layout_loops_ring, nrook_mini_backslash
D:2:      cheibrodos_fertilizer, layout_rooms, serial_aquarium,
          aquarium_bridge_straight [aquarium_subvault_bridge,
          aquarium_subvault_wall, aquarium_subvault_bridge,
          aquarium_subvault_balcony], aquarium_window_corner,
          aquarium_window_corridor_3, aquarium_window_2, aquarium_window_fake,
          aquarium_view_2e, aquarium_balcony_5a, serial_shops,
          nicolae_shop_stone, uniq_natasha, uniq_robin, uniq_sigmund

Skill      XL: |  1  2  3 |
---------------+----------+-----
Stealth        | 6 |  6.3
Spellcasting   | 1 |  1.4
Dodging        | 2 |  2.3
Fighting       | 2 |  2.0
Short Blades   | |  2.6
Throwing       | |  2.0

Action                   || total
-------------------------++-------
Melee: Dagger            ||    75
Throw: Dart              ||     5
 Stab: Sleeping          ||    15
Armor: Robe              ||     4
Dodge: Dodged            ||    38

Table legend: (Time is in decaauts)
 A = Elapsed time spent in this place.
 B = Non-inter-level travel time spent in this place.
 C = Inter-level travel time spent in this place.
 D = Time resting spent in this place.
 E = Time spent auto-exploring this place.
 F = Levels seen in this place.
 G = Mean time per level.
                   A        B        C        D        E       F      G
               +--------+--------+--------+--------+--------+-----+--------+
         Total |    677 |    671 |      6 |      0 |    500 |   2 |  338.5 |
       Dungeon |    677 |    671 |      6 |      0 |    500 |   2 |  338.5 |
               +--------+--------+--------+--------+--------+-----+--------+

Top non-repeatable levels by time:
     D:1: 458 daAuts
     D:2: 218 daAuts
